AoeStats
← Gurk Han

Arena

509898974Analyzed
2v2 RM · 2d ago on Sep 28, 2026· 49m 16s· 4 players
Game mode
Random Map
Map size
Medium (4 player)
Population
200
Speed
Normal
Resources
Standard
Victory
Conquest
Starting age
Dark Age
Ending age
Imperial Age
RankedLock teamsTeams togetherTeam positionsShared explorationLock speedFull tech treeHidden civsTurbo modeCheats
Victory
Defeat
🇨🇳 Spanish · China
862
+33
🇨🇳 Teutons · China
862
+33
🇹🇷 Bohemians · Türkiye
914
-18
🇹🇷 Huns · Türkiye
912
-18
김현아
11:42 Feudal Age
13:50 Double-Bit Axe
13:46 Horse Collar
16:45 Castle Age
16:40 Stone Mining
20:02 Pikeman
22:50 Scale Mail Armor
27:27 Wheelbarrow
32:35 Imperial Age
31:03 Murder Holes
32:30 Ballistics
32:56 Redemption
32:54 Inquisition
34:18 Chemistry
41:30 Halberdier
44:38 Squires
44:25 Gambesons
44:53 Forging
44:58 Chain Mail Armor
46:37 Heavy Plow
46:48 Bow Saw
49:25 Theocracy
49:12 Fervor
50:05 Conscription
know uncle
11:09 Feudal Age
15:15 Castle Age
13:46 Double-Bit Axe
13:43 Horse Collar
16:28 Wheelbarrow
15:39 Loom
19:14 Bow Saw
22:14 Hand Cart
22:43 Scale Barding Armor
23:15 Bloodlines
26:57 Chain Barding Armor
26:48 Forging
27:59 Forging
30:41 Iron Casting
35:26 Imperial Age
32:46 Town Watch
34:04 Heavy Plow
36:45 Plate Barding Armor
37:10 Blast Furnace
35:35 Cavalier
37:33 Paladin
40:57 Chemistry
40:17 Ballistics
42:00 Devotion
45:11 Caravan
45:41 Coinage
Gurk Han
8:35 Loom
8:41 Loom
11:33 Feudal Age
16:47 Castle Age
17:04 Bloodlines
19:19 Double-Bit Axe
21:48 Horse Collar
23:26 Town Watch
24:38 Gold Mining
26:00 Wheelbarrow
25:45 Pikeman
27:38 Bow Saw
31:59 Imperial Age
30:49 Gold Shaft Mining
30:34 Fletching
31:13 Forging
32:00 Murder Holes
32:24 Husbandry
33:21 Halberdier
34:25 Cavalier
36:31 Bodkin Arrow
37:11 Iron Casting
37:44 Parthian Tactics
41:28 Blast Furnace
40:29 Bracer
42:14 Chemistry
41:35 Ballistics
44:32 Squires
48:36 Scale Mail Armor
50:00 Chain Mail Armor
THE BRONZE BOMBER
11:42 Feudal Age
11:54 Feudal Age
16:13 Castle Age
15:31 Double-Bit Axe
16:51 Loom
17:33 Bow Saw
31:02 Imperial Age
31:10 Ballistics
31:51 Chemistry
31:44 Wagenburg Tactics
32:24 Horse Collar
33:21 Wheelbarrow
38:23 Pikeman
40:15 Halberdier
41:09 Forging
40:59 Scale Mail Armor
41:40 Squires
43:01 Iron Casting
42:58 Conscription
42:46 Wagenburg Tactics
43:02 Chain Mail Armor
43:05 Squires
43:15 Murder Holes
45:06 Light Cavalry
50:08 Plate Mail Armor
50:39 Blast Furnace
Connection lost

Rejoining the realm…

Still unreachable

The connection could not be restored.

Session expired

The server has moved on; the page needs a fresh start.